 Dungeon Crawl Stone Soup version 0.22-a0-479-gc6e99f3 (webtiles) character file.

555 KristoblXynda the Ruffian (level 7, 0/59 HPs)
             Began as a Troll Wizard on June 13, 2018.
             Slain by a sky beast (5 damage)
             ... on level 5 of the Dungeon on June 14, 2018.
             The game lasted 00:06:31 (2959 turns).

KristoblXynda the Ruffian (Troll Wizard)            Turns: 2959, Time: 00:06:32

Health: 0/59       AC:  6    Str: 16    XL:     7   Next: 8%
Magic:  9/9        EV:  9    Int: 16    God:
Gold:   153        SH:  0    Dex:  8    Spells: 6/10 levels left

rFire    . . .     SeeInvis .     - Unarmed
rCold    . . .     Gourm    +   (no shield)
rNeg     . . .     Faith    .   a - +0 robe
rPois    .         Spirit   .   b - +0 hat
rElec    .         Reflect  .   c - +0 cloak
rCorr    .         Harm     .   (gloves unavailable)
MR       .....                  (boots unavailable)
Stlth    +.........             g - amulet of regeneration
HPRegen  0.99/turn              l - ring of flight
MPRegen  0.11/turn              (no ring)

@: no status effects
A: large, unfitting armour, claws 3, fast metabolism 3, gourmand, regeneration
1, shaggy fur 1, tough skin 2
a: Evoke Flight


You were on level 5 of the Dungeon.
You were completely stuffed.

You visited 1 branch of the dungeon, and saw 5 of its levels.

You collected 153 gold pieces.

Inventory:

Hand Weapons
 q - a +2 whip of venom
Armour
 a - a +0 robe (worn)
 b - a +0 hat (worn)
 c - a +0 cloak (worn)
Jewellery
 g - an amulet of regeneration (around neck)
 l - a ring of flight (left claw)
Wands
 n - a wand of flame (17)
Scrolls
 f - 3 scrolls of teleportation
 k - a scroll of fog {unknown}
 r - a scroll of fear {unknown}
Potions
 e - 2 potions of flight
 j - a potion of curing
 o - a potion of resistance {unknown}
 s - a potion of lignification {unknown}
Comestibles
 d - 10 rations
 h - a chunk of flesh


   Skills:
 - Level 1.5 Dodging
 - Level 1.0 Stealth
 + Level 5.1 Unarmed Combat
 - Level 2.0 Spellcasting
 + Level 4.0 Conjurations
   Level 0.6 Summonings
   Level 0.6 Translocations


You had 6 spell levels left.
You knew the following spells:

 Your Spells              Type           Power        Failure   Level  Hunger
a - Magic Dart            Conj           ##..         4%          1    #......
b - Mephitic Cloud        Conj/Pois/Air  #.......     34%         3    ###....

Your spell library contained the following spells:

 Spells                   Type           Power        Failure   Level  Hunger
 Conjure Flame            Conj/Fire      #.......     26%         3    ###....
 Slow                     Hex            #.......     30%         2    ###....
 Blink                    Tloc           N/A          24%         2    ###....
 Call Imp                 Summ           #.......     24%         2    ###....


Dungeon Overview and Level Annotations

Branches:
Dungeon (5/15)
 Temple: D:4-7

Altars:
Cheibriados
Dithmenos
Gozag
Hepliaklqana
Makhleb
Sif Muna
Uskayaw
Zin

Shops:
D:2 *


Innate Abilities, Weirdness & Mutations

You are too large for most types of armour.
You have claws for hands.
Your metabolism is lightning-fast.
You like to eat raw meat.
Your natural rate of healing is unusually fast.
You are covered in fur. (AC +1)
You have very tough skin. (AC +2)


Message History

You barely miss something.
A sky beast appears from thin air!
Reactivating autopickup.
The sky beast barely misses you.
You miss the sky beast.
The sky beast is heavily wounded.
The sky beast flickers out of sight!
Deactivating autopickup; reactivate with Ctrl-A.
Something hits you but does no damage.
You scratch something. Something hits you. Something shocks you.
You barely miss something. Something hits you. Something shocks you.
You claw something! Something hits you. Something shocks you.
* * * LOW HITPOINT WARNING * * *
You scratch something but do no damage. Something hits you.
* * * LOW HITPOINT WARNING * * *
Something shocks you.
* * * LOW HITPOINT WARNING * * *
You barely miss something. Something hits you.
* * * LOW HITPOINT WARNING * * *
Something shocks you.
You die...

# #.#..(......##.
#.#####.............
#....##...........## ##
#..(............
..###).###........###..
.......# #..#.......


There were no monsters in sight!

Vanquished Creatures
  A centaur (D:5)
  A hound (D:4)
  2 orc priests (D:4)
  A bullfrog skeleton (D:4)
  4 orc wizards (D:4)
  Terence (D:2)
  A howler monkey zombie (D:5)
  Robin (D:2)
  A howler monkey skeleton (D:5)
  8 adders
  3 oozes
  4 worms
  18 orcs
  5 giant cockroaches
  8 hobgoblins
  2 jackals (D:3)
  4 quokkas
  A ball python (D:3)
  5 bats
  3 frilled lizards
  10 goblins
  6 kobolds
  3 rats
93 creatures vanquished.

Notes
Turn   | Place    | Note
-------+----------+-------------------------------------------
     0 | D:1      | KristoblXynda the Troll Wizard began the quest for the Orb.
     0 | D:1      | Reached XP level 1. HP: 16/16 MP: 2/2
     0 | D:1      | Upgraded the game from 0.22-a0-469-gf26638a to 0.22-a0-479-gc6e99f3
   168 | D:1      | Reached skill level 1 in Conjurations
   206 | D:1      | Reached skill level 1 in Unarmed Combat
   233 | D:1      | Reached XP level 2. HP: 24/24 MP: 4/4
   527 | D:2      | Found Gozag's Platinum Reserve.
   527 | D:2      | Found an opulent altar of Gozag.
   646 | D:2      | Noticed Terence
   660 | D:2      | Killed Terence
   660 | D:2      | Reached skill level 2 in Unarmed Combat
   660 | D:2      | Reached XP level 3. HP: 21/31 MP: 5/5
   745 | D:2      | Reached XP level 4. HP: 36/39 MP: 6/6
   757 | D:2      | Found a glowing silver altar of Zin.
   896 | D:2      | Found a shadowy altar of Dithmenos.
   902 | D:2      | Found a hazy altar of Hepliaklqana.
   962 | D:2      | Noticed Robin
   971 | D:2      | Reached skill level 3 in Unarmed Combat
   983 | D:2      | Killed Robin
  1144 | D:2      | Reached XP level 5. HP: 45/45 MP: 7/7
  1374 | D:3      | Found a burning altar of Makhleb.
  1448 | D:3      | Found a deep blue altar of Sif Muna.
  1852 | D:3      | Found a snail-covered altar of Cheibriados.
  1937 | D:4      | Reached skill level 4 in Unarmed Combat
  1996 | D:4      | Learned a level 3 spell: Mephitic Cloud
  2043 | D:4      | Noticed a dagger
  2045 | D:4      | Noticed a dagger
  2047 | D:4      | Found a hide-covered altar of Uskayaw.
  2085 | D:4      | Reached XP level 6. HP: 39/53 MP: 8/8
  2883 | D:5      | Entered Level 5 of the Dungeon
  2908 | D:5      | Reached skill level 5 in Unarmed Combat
  2908 | D:5      | Reached XP level 7. HP: 42/59 MP: 9/9
  2959 | D:5      | Slain by a sky beast

Vault maps used:
D:1:      lightli_iron_boxes, grunt_decor_resistance, minmay_tree_intersection,
          minivault_25
D:2:      nicolae_gozag_zags_fifth_avenue, nicolae_overflow_crystal_walls,
          old_standard_altar, first_ration, grunt_dithmenos_smoke, uniq_robin,
          uniq_terence
D:3:      lemuel_doored_altar, nicolae_overflow_hidden_temple,
          old_standard_altar
D:4:      dancing_weapons_uskayaw, wad_orctagon
D:5:      gup_sewer_entry_bowl, minmay_ruined_shrine

Skill      XL: |  1  2  3  4  5  6 |
---------------+-------------------+-----
Conjurations   | 1 2 3 4 |  4.0
Unarmed Combat | 1 2 3 4 5 |  5.1
Dodging        | |  1.5
Stealth        | |  1.0
Spellcasting   | |  2.0
Summonings     | |  0.6
Translocations | |  0.6

Action                   |  1- 3 |  4- 6 |  7- 9 || total
-------------------------+-------+-------+-------++-------
Melee: Unarmed           |    81 |   240 |    27 ||   348
       Punch             |     1 |     3 |       ||     4
 Cast: Mephitic Cloud    |       |     2 |       ||     2
  Use: Scroll            |       |     6 |       ||     6
       Potion            |       |     3 |       ||     3
 Stab: Sleeping          |     1 |     3 |       ||     4
       Confused          |       |     1 |       ||     1
  Eat: Chunk             |    12 |    20 |     1 ||    33
Armor: Robe              |    17 |    75 |    14 ||   106
Dodge: Dodged            |    33 |   102 |     2 ||   137

Table legend:
 A = Spawn XP
 B = Non-spawn XP
 C = Spawn XP percentage of total XP
 D = Spawn monster count
 E = Non-spawn monster count
 F = Spawn count percentage of total count
 G = Total turns spent on level
                    A         B        C        D         E        F      G
               +---------+---------+-------+---------+---------+-------+---------
         Total |       0 |     794 |   0.0 |       0 |      93 |   0.0 |  2959
               +---------+---------+-------+---------+---------+-------+---------
           D:1 |       0 |      19 |   0.0 |       0 |      14 |   0.0 |   527
           D:2 |       0 |     177 |   0.0 |       0 |      29 |   0.0 |   840
           D:3 |       0 |      46 |   0.0 |       0 |      16 |   0.0 |   538
           D:4 |       0 |     398 |   0.0 |       0 |      29 |   0.0 |   978
           D:5 |       0 |     154 |   0.0 |       0 |       5 |   0.0 |    76
               +---------+---------+-------+---------+---------+-------+---------
